 Dungeon Crawl Stone Soup version 0.29.1-12-g30fa7ad0bf (webtiles) character file.

Game seed: 5995392751245744666

1654 FexLirch the Chopper (level 9, 0/70 HPs)
             Began as a Formicid Fighter on Jan 11, 2023.
             Was a Priest of Kikubaaqudgha.
             Slain by a black bear (1 damage)
             ... on level 8 of the Dungeon.
             The game lasted 00:08:55 (6211 turns).

FexLirch the Chopper (Formicid Fighter)             Turns: 6211, Time: 00:08:55

Health: 0/70       AC: 12    Str: 29    XL:     9   Next: 19%
Magic:  18/18      EV:  8    Int: 10    God:    Kikubaaqudgha [***...]
Gold:   327        SH:  5    Dex: 13    Spells: 4/8 levels left

rFire   . . .      SeeInvis +   a - +0 war axe
rCold   . . .      Faith    .   c - +0 buckler
rNeg    . . .      Spirit   .   s - +1 chain mail of Intense Lucidity {Rampage Drain rCorr SInv}
rPois   .          Reflect  .   (helmet unavailable)
rElec   .          Harm     .   o - scarf {+Inv}
rCorr   +          Rampage  +   (no gloves)
Will    .....                   p - +0 pair of boots
Stlth   ..........              (no amulet)
HPRegen 0.21/turn               x - +6 ring of strength
MPRegen 0.16/turn               z - ring of magical power

@: mighty
A: permanent stasis, dig shafts and tunnels, antennae 3, four strong arms
a: Dig, Shaft Self, Renounce Religion, Evoke Invisibility, Unearth Wretches


You were on level 8 of the Dungeon.
You worshipped Kikubaaqudgha.
Kikubaaqudgha was most pleased with you.
You visited 1 branch of the dungeon, and saw 10 of its levels.

You collected 327 gold pieces.

Inventory:

Hand Weapons
 a - a +0 war axe (weapon)
 w - a +0 whip
Armour
 b - a +0 scale mail
 c - a +0 buckler (worn)
 o - a scarf of invisibility (worn)
 p - a +0 pair of boots (worn)
 s - the +1 chain mail of Intense Lucidity (worn) {Rampage Drain rCorr SInv}
   (You found it on level 3 of the Dungeon)

   SInv:      It lets you see invisible.
   rCorr:     It protects you from acid and corrosion.
   Drain:     It drains your maximum health when unequipped.
   Rampage:   It bestows one free step when moving towards enemies.
 C - +0 ice dragon scales
Jewellery
 x - a +6 ring of strength (left hand)
 z - a ring of magical power (right hand)
 A - a ring of ice
Wands
 v - a wand of roots (11)
Scrolls
 e - 3 scrolls of immolation
 f - 3 scrolls of enchant weapon
 j - a scroll of enchant armour
 k - a scroll of butterflies {unknown}
 l - a scroll of magic mapping {unknown}
 n - 2 scrolls of teleportation {unknown}
 q - 3 scrolls of amnesia
 r - a scroll of silence {unknown}
 y - a scroll of poison {unknown}
 D - a scroll of vulnerability {unknown}
 E - 2 scrolls of fear {unknown}
 F - a scroll of blinking {unknown}
Potions
 g - a potion of mutation {unknown}
 h - 2 potions of magic
 i - 3 potions of heal wounds {unknown}
 m - 2 potions of flight {unknown}
 t - 4 potions of curing
 u - a potion of brilliance {unknown}


   Skills:
 + Level 6.3 Fighting
 * Level 7.3 Axes
 + Level 6.0 Armour
 - Level 5.0 Shields
 + Level 4.3 Necromancy


You had 4 spell levels left.
You knew the following spells:

 Your Spells              Type           Power      Damage    Failure   Level
a - Necrotise             Necr           32%        1d5       36%         1
b - Vampiric Draining     Necr           8%         2d6       75%         3

Your spell library contained the following spells:

 Spells                   Type           Power      Damage    Failure   Level
 Sublimation of Blood     Necr           8%         N/A       50%         2
 Slow                     Hex            0%         N/A       92%         1
 Animate Dead             Necr           8%         N/A       98%         4
 Confusing Touch          Hex            0%         N/A       100%        3
 Conjure Flame            Conj/Fire      0%         6-21      100%        3
 Ignite Poison            Fire/Tmut/Pois 0%         N/A       100%        3
 Anguish                  Hex/Necr       2%         N/A       100%        4
 Corpse Rot               Necr/Pois/Air  2%         N/A       100%        4
 Sticky Flame             Conj/Fire      0%         2d3       100%        4
 Agony                    Necr           8%         N/A       100%        5
 Borgnjor's Vile Clutch   Necr/Erth      2%         N/A       100%        5
 Death Channel            Necr           4%         N/A       100%        6
 Simulacrum               Ice/Necr       2%         N/A       100%        6


Dungeon Overview and Level Annotations

Branches:
Dungeon (10/15)
 Temple: D:4-7         Lair: D:8-11         Orc: D:9-12

Altars:
Ashenzari
Kikubaaqudgha
Yredelemnul

Annotations:
D:8 Grum


Innate Abilities, Weirdness & Mutations

You cannot be hasted, slowed, berserked, paralysed or teleported.
You can dig through walls and to a lower floor.
You have a pair of large antennae on your head. (SInv)
Your four strong arms can wield two-handed weapons with a shield.


Message History

You slash the wolf!
You kill the wolf!
Kikubaaqudgha accepts your kill.
You slash the wolf! You hit the black bear. The wolf barely misses you.
The wolf bites you! The wolf bites you. Grum hits you but does no damage.
The black bear bites you.
The black bear claws you but does no damage.
You block the black bear's attack.
You completely miss the wolf.
The wolf is heavily wounded.
You closely miss the wolf. You slash the black bear!
The wolf bites you but does no damage. The wolf bites you!
The wolf bites you but does no damage. x2
The black bear bites you but does no damage.
The black bear barely misses you. x2
Grum hits you from afar with a -1 halberd!
The wolf bites you but does no damage. x2
You are too injured to fight recklessly!
You slice the wolf!!
You kill the wolf!
Kikubaaqudgha accepts your kill.
You slash the wolf! You closely miss the black bear. You hit the wolf.
The wolf bites you. x2
The black bear bites you but does no damage.
The black bear closely misses you. You block the black bear's attack.
Grum hits you from afar with a -1 halberd!
* * * LOW HITPOINT WARNING * * *
The wolf closely misses you. The wolf bites you.
* * * LOW HITPOINT WARNING * * *
Your Armour skill increases to level 6!
You closely miss the wolf.
The wolf is lightly wounded.
You barely miss the wolf. You barely miss the black bear. The wolf bites you.
* * * LOW HITPOINT WARNING * * *
The wolf bites you but does no damage.
The black bear bites you but does no damage.
The black bear claws you but does no damage.
The black bear claws you.
You die...
Kikubaaqudgha rasps: "You have failed me!
Welcome... death!"

.## #...##......... ..
#..............
#.##?..#..........
######.................
#............##........
#......##.#.........
#....#g......).......
#h...##.h.h...........
.........h@....))......
.#######.>.....>.......
#...............
#..............<.#
....#...............
.#............######
..............#
###.#..........#
..#..........#


You could see Grum, a black bear and 2 wolves.

Vanquished Creatures
  A water moccasin (D:8)
  An ice beast (D:5)
  An ogre (D:4)
  2 wolves (D:8)
  A centaur (D:9)
  2 phantoms (D:4)
  2 kobold brigands
  A gnoll sergeant (D:9)
  A necrophage (D:6)
  3 scorpions
  A hound (D:5)
  A jelly (D:4)
  An orc priest (D:5)
  5 iguanas
  2 orc wizards (D:4)
  8 adders
  11 gnolls
  4 worms
  A dart slug (D:5)
  13 orcs
  8 endoplasms
  3 giant cockroaches
  5 goblins
  8 hobgoblins
  15 kobolds
  5 quokkas
  2 training dummies (D:4)
  11 ball pythons
  8 bats
  4 frilled lizards
  2 rats
133 creatures vanquished.

Vanquished Creatures (others)
  A quokka (D:7)
1 creature vanquished.

Grand Total: 134 creatures vanquished

Notes
Turn   | Place    | Note
-------+----------+-------------------------------------------
     0 | D:1      | FexLirch the Formicid Fighter began the quest for the Orb.
     0 | D:1      | Reached XP level 1. HP: 18/18 MP: 1/1
   202 | D:1      | Reached XP level 2. HP: 24/24 MP: 2/2
   513 | D:1      | Reached XP level 3. HP: 21/29 MP: 3/3
   722 | D:1      | Reached skill level 3 in Axes
  1019 | D:2      | Reached XP level 4. HP: 29/37 MP: 4/4
  1090 | D:2      | Found a faded altar of an unknown god.
  1109 | D:2      | Prayed at the altar of an unknown god.
  1109 | D:2      | Became a worshipper of Kikubaaqudgha
  1109 | D:2      | Reached * piety under Kikubaaqudgha
  1109 | D:2      | Received a gift from Kikubaaqudgha
  1115 | D:2      | Learned a level 1 spell: Necrotise
  1575 | D:2      | Reached XP level 5. HP: 39/42 MP: 5/5
  1949 | D:3      | Reached skill level 5 in Shields
  1972 | D:3      | Found a basalt altar of Yredelemnul.
  1991 | D:3      | Reached ** piety under Kikubaaqudgha
  2019 | D:3      | Identified the +1 chain mail of Intense Lucidity {Rampage
                  | Drain rCorr SInv}
  2562 | D:4      | Reached skill level 1 in Necromancy
  2662 | D:4      | Noticed a phantom
  2663 | D:4      | Noticed a phantom
  2675 | D:4      | Killed a phantom
  2676 | D:4      | Reached skill level 4 in Axes
  2676 | D:4      | Reached XP level 6. HP: 46/49 MP: 6/6
  3029 | D:4      | Reached XP level 7. HP: 55/55 MP: 7/7
  3246 | D:4      | Reached skill level 5 in Axes
  3376 | D:4      | Reached skill level 5 in Fighting
  3787 | D:5      | Entered Level 5 of the Dungeon
  4119 | D:5      | Found a broken altar of Ashenzari.
  4267 | D:5      | Reached XP level 8. HP: 61/62 MP: 8/8
  4553 | D:5      | Reached skill level 6 in Axes
  4741 | D:5      | Reached skill level 5 in Armour
  4894 | D:6      | Reached *** piety under Kikubaaqudgha
  4894 | D:6      | Received a gift from Kikubaaqudgha
  4919 | D:6      | Learned a level 3 spell: Vampiric Draining
  5143 | D:6      | You fall into a shaft and drop 1 floor!
  5614 | D:6      | You fall into a shaft and drop 3 floors!
  5764 | D:10     | Entered Level 10 of the Dungeon
  5764 | D:10     | Noticed a yak
  5764 | D:10     | Noticed a yak
  5764 | D:10     | Noticed a yak
  5764 | D:10     | Noticed a yak
  6025 | D:9      | Noticed a yak
  6025 | D:9      | Noticed a yak
  6046 | D:8      | Reached skill level 7 in Axes
  6046 | D:8      | Reached XP level 9. HP: 44/69 MP: 9/9
  6198 | D:8      | Noticed Grum
  6211 | D:8      | HP: 1/70 [wolf[Grum] (6)]
  6211 | D:8      | Slain by a black bear

Illustrated notes

Levels and vault maps discovered:
D:1:      sevenhm_arrival_forest_fort_small_6, layout_basic,
          hangedman_decor_lopped
D:2:      layout_basic, ebering_ecumenical_altar_mist, grunt_ministairs_2,
          minmay_crystal_water, hangedman_decor_clover_reticule, minivault_4,
          grunt_decor_junction, st_stairs_1
D:3:      layout_loops_ring, yredelemnul_altar_generic, kennysheep_pointless_box
D:4:      dreamdust_elfheim, layout_loops_corners
D:5:      layout_basic, nicolae_ashenzari_panopticon
D:6:      layout_basic, zin_scriptorium, nrook_mini_vaults,
          chequers_serial_rivers_room_a
D:7:      layout_layer_cave, elyvilon_altar_4, minmay_temple_entry_waves,
          uniq_crazy_yiuf_cottage
D:8:      layout_rooms, nzn_hepliaklqana_mist_gate, special_room
          [special_room_orc], uniq_maggie, uniq_grum, uniq_prince_ribbit1
D:9:      layout_rooms
D:10:     layout_roguey, xom_butterflies,
          chequers_temple_overflow_statue_of_worship, erik_lair_orcish_takeover,
          wad_floor_pattern_untrapped

Skill      XL: |  1  2  3  4  5  6  7  8  9 |
---------------+----------------------------+-----
Axes           | 3 4 5 7 |  7.3
Fighting       | 4 5 6 |  6.3
Shields        | 5 |  5.0
Necromancy     | 1 2 3 4 |  4.3
Armour         | 4 5 6 |  6.0

Action                   |  1- 3 |  4- 6 |  7- 9 || total
-------------------------+-------+-------+-------++-------
Melee: War axe           |    47 |   163 |   203 ||   413
 Cast: Necrotise         |       |       |     4 ||     4
 Abil: Shaft Self        |       |       |     2 ||     2
  Use: Scroll            |       |       |     7 ||     7
       Potion            |       |       |     1 ||     1
Armor: Scale mail        |    18 |    33 |       ||    51
       Chain mail        |       |    39 |   159 ||   198
Dodge: Dodged            |    26 |    47 |   100 ||   173
Block: Buckler           |    12 |    34 |    64 ||   110
